 Dungeon Crawl Stone Soup version 0.32-a0-22-g6ae6769602 (webtiles) character file.

Game seed: 4551188751327476851

1150 DApurpleWHUMPUS the Thaumaturge (level 8, -4/41 HPs)
             Began as a Deep Elf Fire Elementalist on Jan 18, 2024.
             Shot with an arrow by a centaur (12 damage)
             ... on level 6 of the Dungeon.
             The game lasted 00:08:45 (6837 turns).

DApurpleWHUMPUS the Thaumaturge (DEFE)              Turns: 6837, Time: 00:08:45

Health: -4/41      AC:  3    Str:  5    XL:     8   Next: 15%
Magic:  17/22      EV: 12    Int: 23    God:
Gold:   227        SH:  0    Dex: 15    Spells: 14/23 levels left

rFire   . . .        (no weapon)
rCold   . . .        (no shield)
rNeg    . . .        a - +0 robe
rPois   .            (no helmet)
rElec   .            (no cloak)
rCorr   +            (no gloves)
SInv    .            k - +0 pair of boots
Will    .....        (no amulet)
Stlth   ++           d - ring of resist corrosion
HPRegen 0.26/turn    (no ring)
MPRegen 0.18/turn

%: no passive effects
@: no status effects
A: no striking features
a: no special abilities


You were on level 6 of the Dungeon.
You visited 1 branch of the dungeon, and saw 6 of its levels.

You collected 227 gold pieces.

Inventory:

Armour
 a - a +0 robe (worn)
 k - a +0 pair of boots (worn)
Jewellery
 d - a ring of resist corrosion (left hand)
 m - a ring of resist corrosion
 q - a ring of ice
Scrolls
 b - 2 scrolls of amnesia {unknown}
 g - a scroll of blinking {unknown}
 h - 4 scrolls of identify {unknown}
 i - 4 scrolls of teleportation {unknown}
 o - a scroll of immolation {unknown}
 r - 2 scrolls of summoning {unknown}
 t - a scroll of poison {unknown}
Potions
 c - a potion of attraction {unknown}
 e - 2 potions of heal wounds {unknown}
 f - a potion of might {unknown}
 j - 2 potions of haste {unknown}
 l - 2 potions of mutation {unknown}
 n - a potion of brilliance {unknown}
 p - a potion of invisibility {unknown}
 s - a potion of magic


   Skills:
 - Level 2.4 Dodging
 - Level 2.4 Stealth
 + Level 8.0 Spellcasting
 + Level 6.0 Conjurations
 + Level 6.9 Fire Magic


You had 14 spell levels left.
You knew the following spells:

 Your Spells              Type           Power      Damage    Failure   Level
a - Foxfire               Conj/Fire      100%       2x1d9     1%          1
b - Scorch                Fire           82%        2d8       1%          2
c - Inner Flame           Hex/Fire       25%        N/A       4%          3
d - Volatile Blastmotes   Fire/Tloc      50%        2d14      4%          3

Your spell library contained the following spells:

 Spells                   Type           Power      Damage    Failure   Level
 Sting                    Conj/Alch      92%        1d8       1%          1
 Flame Wave               Conj/Fire      39%        2d11      4%          4
 Mercury Vapours          Alch/Air       18%        N/A       11%         2
 Olgreb's Toxic Radiance  Alch           9%         N/A       56%         4


Dungeon Overview and Level Annotations

Branches:
Dungeon (6/15)
 Temple: D:4-7

Altars:
Fedhas
Nemelex Xobeh

Shops:
D:2 [

Annotations:
D:5 2 transporters, RockinRobin's ghost, novice OnGl


Message History

You conjure some foxfire!
The foxfire hits the water moccasin.
The water moccasin is lightly wounded.
Casting: Foxfire (safe; 1% risk of failure)
Confirm with . or Enter, or press ? or * to list all spells.
You conjure some foxfire!
Casting: Foxfire (safe; 1% risk of failure)
Confirm with . or Enter, or press ? or * to list all spells.
Flames lash the water moccasin.
The water moccasin is moderately wounded.
The water moccasin's fire resistance burns away.
You hear a shout!
The foxfire hits the water moccasin!
The water moccasin is burned terribly!
The water moccasin is severely wounded.
The foxfire hits the water moccasin but does no damage.
The water moccasin is severely wounded.
A centaur comes into view.
Casting: Scorch (safe; 1% risk of failure)
Confirm with . or Enter, or press ? or * to list all spells.
Flames lash the water moccasin.
The water moccasin is burned terribly!
You kill the water moccasin!
The centaur wields a +0 shortbow.
The centaur shoots an arrow.
The arrow hits you.
Your Spellcasting skill increases to level 8!
Your Conjurations skill increases to level 6!
Unknown command.
The centaur shoots an arrow.
The arrow hits you!
You see here 4 boomerangs.
The centaur shoots an arrow.
The arrow hits you.
The centaur shoots an arrow.
The arrow barely misses you.
The centaur shoots an arrow.
The arrow hits you.
Casting: Scorch (safe; 1% risk of failure)
Confirm with . or Enter, or press ? or * to list all spells.
You can't see any susceptible monsters within range! (Use Z to cast anyway.)
The centaur shoots an arrow.
The arrow closely misses you.
The centaur shoots an arrow.
The arrow hits you!
The centaur shoots an arrow.
The arrow hits you!
* * * LOW HITPOINT WARNING * * *
The centaur shoots an arrow.
The arrow hits you!
You die...

#....#....##...##....#
.#####....###'##.....#
. #.........'.....# .
#..>......#.....#
#.##.######.....#
###.##.##......####
#.......#......+
#.......+......#
#......@#......#
#.#####.......c########
#########........
+........ #........
#...c.... #........
##...$..# ..c...#


You could see a centaur.

Vanquished Creatures
  Eustachio (D:5)
  An acid dragon (D:4)
  A water moccasin (D:6)
  An ice beast (D:5)
  2 ogres (D:4)
  2 scorpions (D:5)
  3 orc priests
  A hound (D:4)
  A jelly (D:6)
  An iguana (D:5)
  A sleepcap (D:5)
  An orc wizard (D:3)
  5 adders
  A white imp (D:5)
  4 ufetubi (D:5)
  3 ribbon worms
  4 dart slugs
  12 orcs
  11 endoplasms
  5 giant cockroaches
  A goblin (D:1)
  8 hobgoblins
  3 jackals (D:4)
  7 kobolds
  2 quokkas
  7 ball pythons
  4 bats
  7 frilled lizards
  2 rats (D:2)
102 creatures vanquished.

Vanquished Creatures (others)
  486 foxfires
486 creatures vanquished.

Grand Total: 588 creatures vanquished

Notes
Turn   | Place    | Note
-------+----------+-------------------------------------------
     0 | D:1      | DApurpleWHUMPUS the Deep Elf Fire Elementalist began the
                  | quest for the Orb.
     0 | D:1      | Reached XP level 1. HP: 10/10 MP: 6/6
   375 | D:1      | Reached XP level 2. HP: 15/15 MP: 5/8
  1434 | D:2      | Found a faded altar of an unknown god.
  1737 | D:2      | Reached XP level 3. HP: 19/19 MP: 6/10
  1882 | D:2      | Found Samn's Armour Shop.
  2142 | D:2      | Learned a level 2 spell: Scorch
  2536 | D:3      | Reached skill level 4 in Spellcasting
  2690 | D:3      | Reached XP level 4. HP: 24/24 MP: 4/12
  3540 | D:3      | Reached XP level 5. HP: 28/28 MP: 1/14
  3804 | D:3      | Found a blossoming altar of Fedhas.
  3804 | D:3      | Found a sparkling altar of Nemelex Xobeh.
  4096 | D:4      | Noticed an ogre
  4100 | D:4      | Killed an ogre
  4101 | D:4      | Reached skill level 5 in Spellcasting
  4843 | D:4      | Reached skill level 5 in Fire Magic
  4843 | D:4      | Reached XP level 6. HP: 32/32 MP: 11/16
  5099 | D:4      | Noticed an acid dragon
  5105 | D:4      | Killed an acid dragon
  5106 | D:4      | Reached skill level 6 in Spellcasting
  5210 | D:5      | Entered Level 5 of the Dungeon
  5247 | D:5      | Reached XP level 7. HP: 36/36 MP: 11/18
  5363 | D:5      | Found a transporter.
  5363 | D:5      | Found a transporter.
  5389 | D:5      | Noticed RockinRobin's ghost (novice OnGl)
  5389 | D:5      | Noticed a hornet
  5581 | D:5      | Reached skill level 5 in Conjurations
  5832 | D:5      | Noticed Eustachio
  5843 | D:5      | Reached skill level 7 in Spellcasting
  5847 | D:5      | Killed Eustachio
  6015 | D:5      | Learned a level 3 spell: Inner Flame
  6019 | D:5      | Learned a level 3 spell: Volatile Blastmotes
  6072 | D:5      | Reached XP level 8. HP: 12/41 MP: 8/21
  6827 | D:6      | Reached skill level 8 in Spellcasting
  6837 | D:6      | Shot with an arrow by a centaur

Illustrated notes

Levels and vault maps discovered:
D:1:      lightli_arrival_isolated_outpost, layout_basic
D:2:      layout_basic, hellmonk_ecumenical_altar_arch_garden, serial_shops,
          shop, kennysheep_generic_room_3
D:3:      layout_basic, gammafunk_temple_overflow_statue,
          kennysheep_generic_room_8
D:4:      minmay_door_path, layout_basic
D:5:      nicolae_cairo_tiling_very_big, layout_basic, gammafunk_ghost_hive,
          uniq_eustachio
D:6:      layout_gridville, minmay_temple_entry_gardened_gates, uniq_edmund

Skill      XL: |  1  2  3  4  5  6  7  8 |
---------------+-------------------------+-----
Conjurations   | 2 3 4 5 6 |  6.0
Spellcasting   | 4 5 6 7 8 |  8.0
Fire Magic     | 4 5 6 |  6.9
Dodging        | |  2.4
Stealth        | |  2.4

Action                     |  1- 3 |  4- 6 |  7- 9 || total
---------------------------+-------+-------+-------++-------
  Melee: Unarmed           |       |    11 |     1 ||    12
   Cast: Foxfire           |   146 |    93 |    52 ||   291
         Scorch            |       |    19 |    20 ||    39
         Volatile Blastmot |       |       |     2 ||     2
    Use: Potion            |       |     1 |       ||     1
 Armour: Robe              |     1 |    25 |    18 ||    44
  Dodge: Dodged            |     4 |    16 |    15 ||    35

Table legend: (Time is in decaauts)
 A = Elapsed time spent in this place.
 B = Non-inter-level travel time spent in this place.
 C = Inter-level travel time spent in this place.
 D = Time resting spent in this place.
 E = Time spent auto-exploring this place.
 F = Levels seen in this place.
 G = Mean time per level.
                   A        B        C        D        E       F      G
               +--------+--------+--------+--------+--------+-----+--------+
         Total |   6841 |   6715 |    126 |    376 |   5596 |   6 | 1140.2 |
       Dungeon |   6841 |   6715 |    126 |    376 |   5596 |   6 | 1140.2 |
               +--------+--------+--------+--------+--------+-----+--------+

Top non-repeatable levels by time:
     D:5: 1431 daAuts
     D:3: 1382 daAuts
     D:4: 1323 daAuts
     D:2: 1302 daAuts
     D:1: 1206 daAuts
     D:6: 194 daAuts
